 Dungeon Crawl Stone Soup version 0.27-a0-512-g57cc695410 (webtiles) character file.

Game seed: 13602678741773601914

69 Dirtsage the Ruffian (level 4, -3/31 HPs)
             Began as an Octopode Fighter on Mar 3, 2021.
             Splashed by a jelly's acid (6 damage)
             ... on level 2 of the Dungeon.
             The game lasted 00:01:52 (1436 turns).

Dirtsage the Ruffian (Octopode Fighter)             Turns: 1436, Time: 00:01:54

Health: -3/31      AC: -3    Str: 16    XL:     4   Next: 20%
Magic:  4/4        EV: 11    Int: 10    God:
Gold:   66         SH:  8    Dex: 11    Spells: 3/3 levels left

rFire    . . .     SeeInvis .     - Unarmed
rCold    . . .     Faith    .   a - +0 kite shield
rNeg     . . .     Spirit   .   (helmet restricted)
rPois    .         Reflect  .   (no amulet)
rElec    .         Harm     .   (no ring)
rCorr    .         Rampage  .   (no ring)
Will     .....                  (no ring)
Stlth    ++........             (no ring)
HPRegen  0.10/turn              (no ring)
MPRegen  0.09/turn              (no ring)
                                (no ring)
                                (no ring)

@: corroded
A: almost no armour, stealthy swim, amphibious, 8 rings, constrict 8, camouflage
1, gelatinous body 1
a: no special abilities


You were on level 2 of the Dungeon.
You visited 1 branch of the dungeon, and saw 2 of its levels.

You collected 66 gold pieces.


Innate Abilities, Weirdness & Mutations

You cannot wear most types of armour.
You are very stealthy in the water. (Stealth+)
You are amphibious.
You can wear up to eight rings at the same time.
You can use your tentacles to constrict eight enemies at once.
Your skin changes colour to match your surroundings (Stealth+).
Your rubbery body absorbs attacks. (AC +1, EV +1)


   Skills:
 - Level 3.0 Fighting
 - Level 3.0 Dodging
 - Level 3.0 Shields
 + Level 4.3 Unarmed Combat


You had 3 spell levels left.
You didn't know any spells.
Your spell library was empty.

Inventory:

Armour
 a - a +0 kite shield (worn)
Jewellery
 c - a ring of ice
 C - a ring of ice
Scrolls
 d - a scroll of amnesia {unknown}
 g - 2 scrolls of enchant armour {unknown}
 h - a scroll of magic mapping {unknown}
 i - 2 scrolls of identify {unknown}
 k - a scroll of enchant weapon {unknown}
 l - a scroll of fear {unknown}
Potions
 b - 2 potions of might
 e - a potion of haste {unknown}
 f - 2 potions of attraction {unknown}
 j - a potion of lignification {unknown}
 m - a potion of curing {unknown}

Dungeon Overview and Level Annotations

Branches:
Dungeon (2/15)

Altars:

# #####
##.###...#################
##......#..................
........#..........########
#######..#####.....#.......
#......####..........
#.##@.....####)#.....
#.##J####... #.....#.
..##....# . ###..†#.
...##..#...# #...#.
....###.#....# #...#.
.....# #.##....# #...#.
.....l #.. #...# #..##. ##.
#.[r# ##.... #. ##.# #####


You could see a jelly.


Message History

A frilled lizard is nearby!
A frilled lizard comes into view.
The frilled lizard hisses angrily.
The frilled lizard barely misses you.
You tentacle-slap the frilled lizard.
You kill the frilled lizard!
No target in view!
A jelly comes into view.
The jelly quivers.
Found a leather armour.
A jelly is nearby!
A rat comes into view.
You tentacle-slap the jelly but do no damage.
Your tentacles burn!
Your squeeze misses the jelly. You block the jelly's attack.
The jelly hits you. The acid corrodes you!
You are splashed with acid!
You barely miss the jelly. You squeeze the jelly.
The jelly is lightly wounded.
The jelly hits you.
* * * LOW HITPOINT WARNING * * *
You are splashed with acid!
* * * LOW HITPOINT WARNING * * *
Unknown command.
You bludgeon the jelly!
Your tentacles burn!
* * * LOW HITPOINT WARNING * * *
The jelly is heavily wounded.
The jelly hits you.
* * * LOW HITPOINT WARNING * * *
You are splashed with acid.
You die...

Skill      XL: |  1  2  3 |
---------------+----------+-----
Unarmed Combat | 3 4 |  4.3
Fighting       | |  3.0
Dodging        | |  3.0
Shields        | |  3.0

Action                   |  1- 3 |  4- 6 || total
-------------------------+-------+-------++-------
Melee: Unarmed           |    36 |     7 ||    43
       Constrict         |    11 |     1 ||    12
       Tentacles         |     5 |     1 ||     6
 Stab: Sleeping          |     5 |       ||     5
Armor: Skin              |     1 |       ||     1
Dodge: Dodged            |     5 |     2 ||     7
Block: Kite shield       |    18 |     1 ||    19

Levels and vault maps discovered:
D:1:      wander_arrival_lonely_grave, layout_loops_corners
D:2:      minmay_evil_eye, layout_basic, lightli_temple_of_fire,
          nicolae_ashenzari_panopticon

Notes
Turn   | Place    | Note
-------+----------+-------------------------------------------
     0 | D:1      | Dirtsage the Octopode Fighter began the quest for the Orb.
     0 | D:1      | Reached XP level 1. HP: 16/16 MP: 1/1
   475 | D:1      | Reached XP level 2. HP: 21/21 MP: 2/2
   987 | D:2      | Reached skill level 3 in Unarmed Combat
  1066 | D:2      | Reached XP level 3. HP: 26/26 MP: 3/3
  1200 | D:2      | Reached skill level 4 in Unarmed Combat
  1200 | D:2      | Reached XP level 4. HP: 19/31 MP: 4/4
  1436 | D:2      | HP: 3/31 [jelly (1)]
  1436 | D:2      | Splashed by a jelly's acid

Vanquished Creatures
  An iguana (D:2)
  A worker ant (D:2)
  A worm (D:2)
  2 leopard geckos (D:1)
  A goblin (D:1)
  2 hobgoblins
  A quokka (D:2)
  2 frilled lizards
  4 kobolds
  3 rats
18 creatures vanquished.

Table legend: (Time is in decaauts)
 A = Elapsed time spent in this place.
 B = Non-inter-level travel time spent in this place.
 C = Inter-level travel time spent in this place.
 D = Time resting spent in this place.
 E = Time spent auto-exploring this place.
 F = Levels seen in this place.
 G = Mean time per level.
                   A        B        C        D        E       F      G
               +--------+--------+--------+--------+--------+-----+--------+
         Total |   1443 |   1429 |     14 |    151 |   1150 |   2 |  721.5 |
       Dungeon |   1443 |   1429 |     14 |    151 |   1150 |   2 |  721.5 |
               +--------+--------+--------+--------+--------+-----+--------+

Top non-repeatable levels by time:
     D:1: 922 daAuts
     D:2: 520 daAuts

Table legend:
 A = Non-vault XP
 B = Vault XP
 C = Vault XP percentage of total XP
 D = Non-vault monster count
 E = Vault monster count
 F = Vault count percentage of total count
                 A         B        C        D         E       F
            +---------+---------+-------+---------+---------+-------
      Total |      98 |       1 |   1.0 |      17 |       1 |   5.6
            +---------+---------+-------+---------+---------+-------
        D:1 |      17 |       0 |   0.0 |      10 |       0 |   0.0
        D:2 |      81 |       1 |   1.2 |       7 |       1 |  12.5
            +---------+---------+-------+---------+---------+-------
